 Dungeon Crawl Stone Soup version 0.30.0-5-g1a98f26d00 (webtiles) character file.

Game seed: 9104053164811223913

1737 monsoonserge the Covered (level 9, -6/74 HPs)
             Began as a Meteoran Cinder Acolyte on May 10, 2023.
             Was a High Priest of Ignis.
             Mangled by a +1 spectral quarterstaff (13 damage)
             ... created by Joseph
             ... on level 7 of the Dungeon.
             The game lasted 00:26:46 (3058 turns).

monsoonserge the Covered (Meteoran Cinder Acolyte)  Turns: 3058, Time: 00:26:48

Health: -6/74      AC: 10    Str: 20    XL:     9   Next: 50%
Magic:  4/13       EV: 10    Int: 17    God:    Ignis [*****.]
Gold:   293        SH:  5    Dex:  9    Spells: 10/12 levels left

rFire   + . .        I - +0 whip (flame)
rCold   + . .        (no shield)
rNeg    . . .        y - +0 chain mail
rPois   .            (helmet restricted)
rElec   .            x - scarf {repulsion}
rCorr   .            (no gloves)
SInv    .            (no boots)
Will    +....        w - amulet of reflection Stlth
                     p - ring of protection from cold
HPRegen 0.32/turn    (no ring)
MPRegen 0.13/turn

%: repel missiles, reflection
@: glowing
A: sense surroundings 2, otherworldly, glowing, explore regen, antennae 1,
sturdy frame 2
a: Renounce Religion, Fiery Armour, Foxfire Swarm, Rising Flame


You were on level 7 of the Dungeon.
You worshipped Ignis.
Ignis was extremely pleased with you.
You visited 2 branches of the dungeon, and saw 8 of its levels.
You also visited: Sewer.

You collected 293 gold pieces.

Inventory:

Hand Weapons
 a - a -1 mace of flaming
 H - a +2 morningstar
 I - a +0 whip of flaming (weapon)
Missiles
 l - a throwing net
 u - 15 poisoned darts
 A - 2 boomerangs (quivered)
 E - 5 silver javelins
Armour
 b - a +0 robe
 i - a +0 ring mail
 x - a scarf of repulsion (worn)
 y - a +0 chain mail (worn)
Magical Staves
 j - the staff of air "Dewim" {rElec rF+ rCorr Int-4}
   (You found it on level 2 of the Dungeon)

   [staff of air]

   Base accuracy: +5 Base damage: 5 Base attack delay: 1.2 This weapon's minimum
   attack delay (0.6) is reached at skill level 12.
   Int:       It affects your intelligence (-4).
   rF:        It protects you from fire.
   rElec:     It insulates you from electricity.
   rCorr:     It protects you from acid and corrosion.
   It falls into the 'Staves' category.
   It is a one-handed weapon.
Jewellery
 k - an amulet of regeneration
 p - a ring of protection from cold (left hand)
 r - a ring of ice
 w - an amulet of reflection (around neck)
Wands
 C - a wand of iceblast (6)
 G - a wand of quicksilver (2)
Scrolls
 c - 4 scrolls of teleportation {unknown}
 d - a scroll of magic mapping {unknown}
 e - 6 scrolls of identify {unknown}
 g - a scroll of poison {unknown}
 h - 2 scrolls of blinking {unknown}
 m - a scroll of vulnerability {unknown}
 n - a scroll of summoning {unknown}
 o - a scroll of immolation {unknown}
 q - a scroll of noise {unknown}
 s - 2 scrolls of enchant armour {unknown}
 t - 2 scrolls of fear {unknown}
 B - a scroll of silence {unknown}
Potions
 f - 2 potions of mutation
 v - a potion of haste {unknown}
 z - 2 potions of curing
 D - 2 potions of attraction {unknown}
 F - a potion of brilliance {unknown}
 J - a potion of invisibility {unknown}


   Skills:
 + Level 5.0 Fighting
 + Level 7.6 Maces & Flails
 + Level 7.9 Armour
 + Level 3.1 Dodging
 + Level 0.2 Stealth
 - Level 1.0 Shields
 - Level 2.0 Spellcasting
 + Level 7.3 Fire Magic
 + Level 2.0 Evocations


You had 10 spell levels left.
You knew the following spells:

 Your Spells              Type           Power      Damage    Failure   Level
a - Scorch                Fire           52%        2d7       3%          2

Your spell library contained the following spells:

 Spells                   Type           Power      Damage    Failure   Level


Dungeon Overview and Level Annotations

Branches:
Dungeon (7/15) Zot: 1519   Temple (1/1) D:6 Zot: 598   Sewer (visited)

Altars:
Ashenzari
Cheibriados
Elyvilon
Fedhas
Hepliaklqana
Kikubaaqudgha
Makhleb
Nemelex Xobeh
Ru
Vehumet
Wu Jian
Yredelemnul
The Shining One

Annotations:
D:5 2 transporters, TheSexyCheese's ghost, novice GrFE
D:7 Joseph


Innate Abilities, Weirdness & Mutations

You passively map the area around you.
You are easily found by Zot.
You glow in the dark.
You regain HP and MP as you explore.
You have a pair of small antennae on your head.
Your movements are less encumbered by armour. (ER -4)


Message History

Joseph is lightly wounded.
Joseph's fire resistance burns away.
Casting: Scorch (safe; 3% risk of failure)
Confirm with . or Enter, or press ? or * to list all spells.
Flames lash the wight.
The wight is heavily damaged.
The wight's fire resistance burns away.
Joseph unwields a +0 sling.
Joseph wields a +1 spectral quarterstaff.
Joseph drinks a potion.
Joseph goes berserk!
Casting: Scorch (safe; 3% risk of failure)
Confirm with . or Enter, or press ? or * to list all spells.
Flames lash Joseph.
Joseph is burned terribly!
Joseph is moderately wounded.
A wyvern zombie comes into view.
You block Joseph's attack. The +1 spectral quarterstaff hits you!
A +1 spectral quarterstaff comes into view.
Press: ? - help, v - describe, . - travel
Here: a wight, wielding a +0 flail and wearing a +0 robe (heavily damaged, more vulnerable to fire)
The floor.
Casting: Scorch (safe; 3% risk of failure)
Confirm with . or Enter, or press ? or * to list all spells.
Flames lash Joseph.
Joseph is burned terribly!
Joseph is heavily wounded.
Joseph completely misses you.
The +1 spectral quarterstaff hits you but does no damage.
You block the wight's attack.
Casting: Scorch (safe; 3% risk of failure)
Confirm with . or Enter, or press ? or * to list all spells.
Flames lash Joseph.
Joseph is burned terribly!
Joseph is heavily wounded.
The +1 spectral quarterstaff hits you. Joseph closely misses you.
The +1 spectral quarterstaff hits you. The +1 spectral quarterstaff hits you!
Joseph hits you with a +1 spectral quarterstaff!!
* * * LOW HITPOINT WARNING * * *
The +1 spectral quarterstaff hits you.
* * * LOW HITPOINT WARNING * * *
The wight hits you with a +0 flail!
* * * LOW HITPOINT WARNING * * *
The +1 spectral quarterstaff hits you!
You die...

, * *, , , * ,, ,*
.... #.. * * *#...###
.., * ,,, ......#..#.#
* , #.Z....##.## # ,
*#.......#..###*.# * *
* #........#...##.# ,,
,#..@z#...#....## , *
#<#@(.##.......# *, **
#.####.#?..###......#
* *
....$..#...##..<....#
, ,
.........#....#.....#
,?..###......#########
#..#...#* ** * , *
#.##...... ,* #..
#..###.. ,,,* ,, #.#
?... ,. ,


You could see Joseph (berserk, combustible), a +1 spectral quarterstaff, a wight
(combustible) and a wyvern zombie.

Vanquished Creatures
  Pikel (D:6)
  2 ogres
  A lemure (D:6)
  A kobold brigand (Sewer)
  A bullfrog (D:3)
  5 scorpions
  3 wights (D:6)
  A howler monkey (D:5)
  3 hounds (D:5)
  A jelly (D:5)
  An orc priest (D:4)
  2 iguanas
  Natasha (D:1)
  An orc wizard (D:4)
  A gnoll (D:1)
  10 adders
  5 river rats
  A shadow imp (D:6)
  An ufetubus (D:5)
  2 dart slugs
  9 orcs
  15 ball pythons
  3 bats
  16 endoplasms
  6 giant cockroaches
  4 hobgoblins
  A jackal (Sewer)
  A quokka (D:2)
  8 goblins
  9 kobolds
  13 rats
129 creatures vanquished.

Notes
Turn   | Place    | Note
-------+----------+-------------------------------------------
     0 | D:1      | monsoonserge the Meteoran Cinder Acolyte began the quest
                  | for the Orb.
     0 | D:1      | Reached XP level 1. HP: 19/19 MP: 3/3
    78 | D:1      | Reached XP level 2. HP: 23/26 MP: 5/5
   212 | D:1      | Reached XP level 3. HP: 31/31 MP: 6/6
   404 | D:1      | Learned a level 2 spell: Scorch
   427 | D:1      | Reached skill level 1 in Dodging
   427 | D:1      | Reached XP level 4. HP: 39/39 MP: 7/7
   486 | D:1      | Glimpsed the power of Zot.
   499 | D:2      | Noticed Natasha
   514 | D:1      | Killed Natasha
   515 | D:1      | Reached skill level 5 in Maces & Flails
   627 | D:2      | Identified the staff of air "Dewim" {rElec rF+ rCorr Int-4}
   674 | D:1      | Reached XP level 5. HP: 32/46 MP: 8/8
   721 | D:2      | Found a faded altar of an unknown god.
  1041 | D:3      | Noticed a bullfrog
  1053 | D:3      | Killed a bullfrog
  1054 | D:3      | Reached XP level 6. HP: 39/52 MP: 4/9
  1176 | D:3      | Found a hazy altar of Hepliaklqana.
  1320 | D:3      | Found a glowing drain.
  1336 | Sewer    | Entered a sewer
  1509 | Sewer    | Reached XP level 7. HP: 49/59 MP: 6/11
  1627 | Sewer    | Reached skill level 5 in Fire Magic
  1733 | Sewer    | Glimpsed the power of Zot.
  2241 | D:4      | Reached skill level 5 in Armour
  2254 | D:4      | Found a snail-covered altar of Cheibriados.
  2390 | D:4      | Reached XP level 8. HP: 29/67 MP: 8/12
  2405 | D:5      | Entered Level 5 of the Dungeon
  2458 | D:5      | Noticed TheSexyCheese's ghost (novice GrFE)
  2463 | D:5      | Found a transporter.
  2475 | D:5      | Found a transporter.
  2543 | D:5      | Reached skill level 1 in Evocations
  2670 | D:5      | Found a glowing golden altar of the Shining One.
  2744 | D:5      | Reached skill level 1 in Shields
  2758 | D:5      | Found a basalt altar of Yredelemnul.
  2758 | D:5      | Found a sparkling altar of Nemelex Xobeh.
  2861 | D:6      | Noticed Pikel
  2890 | D:6      | Gained mutation: Your movements are slightly less
                  | encumbered by armour. (ER -2) [potion of mutation]
  2890 | D:6      | Gained mutation: Your movements are less encumbered by
                  | armour. (ER -4) [potion of mutation]
  2890 | D:6      | Gained mutation: You have a pair of small antennae on your
                  | head. [potion of mutation]
  2893 | D:6      | Killed Pikel
  2894 | D:6      | Reached skill level 5 in Fighting
  2894 | D:6      | Gained mutation: You passively map the area around you.
                  | [Meteoran growth]
  2894 | D:6      | Reached XP level 9. HP: 14/74 MP: 13/13
  2919 | D:6      | Found an ancient bone altar of Kikubaaqudgha.
  3012 | D:6      | Found a staircase to the Ecumenical Temple.
  3019 | Temple   | Entered the Ecumenical Temple
  3047 | D:7      | Noticed Joseph
  3058 | D:7      | Mangled by a +1 spectral quarterstaff

Illustrated notes

Levels and vault maps discovered:
D:1:      spicycebolla_arrival_risky_transporter, layout_basic,
          corexii_leaking_fountain
D:2:      layout_basic, basic_altar, chequers_ecumenical_altar_simple,
          st_stairs_14, minmay_increasing_density, uniq_natasha, uniq_sigmund
D:3:      layout_basic, nicolae_hepliaklqana_hippocampus, portal_sewer_entry_e
D:4:      layout_basic, kennysheep_slug_shrine
D:5:      layout_loops_ring, kennysheep_orc_sif_temple,
          gammafunk_temple_overflow_wave, nicolae_tso_swordbearing_angel,
          gammafunk_ghost_arena, minmay_misc_feat_nine_boxes
D:6:      layout_rooms, nicolae_overflow_crystal_walls, temple_green,
          uniq_crazy_yiuf_cottage, uniq_pikel
D:7:      layout_rooms, serial_undead, serial_undead_e, serial_undead_e,
          serial_undead_e, serial_undead_c, uniq_menkaure, uniq_joseph,
          uniq_maggie
Temple:   hellmonk_temple_two_chambers

Skill      XL: |  1  2  3  4  5  6  7  8  9 |
---------------+----------------------------+-----
Fire Magic     | 4 5 6 7 |  7.3
Dodging        | 1 2 3 |  3.1
Maces & Flails | 5 6 7 |  7.6
Armour         | 2 3 5 7 |  7.9
Fighting       | 4 5 |  5.0
Spellcasting   | 2 |  2.0
Evocations     | 2 |  2.0
Shields        | 1 |  1.0
Stealth        | |  0.2

Action                     |  1- 3 |  4- 6 |  7- 9 || total
---------------------------+-------+-------+-------++-------
  Melee: Mace              |    72 |   119 |   162 ||   353
         Punch             |       |     2 |     2 ||     4
         Whip              |       |       |    11 ||    11
   Cast: Scorch            |       |    27 |    43 ||    70
 Invoke: Fiery Armour      |       |       |     2 ||     2
  Evoke: Wand              |       |       |     1 ||     1
    Use: Potion            |       |       |     2 ||     2
 Armour: Robe              |    25 |     2 |       ||    27
         Ring mail         |       |    31 |    11 ||    42
         Chain mail        |       |       |    97 ||    97
  Dodge: Dodged            |    36 |    74 |    88 ||   198
         Repelled          |       |       |     3 ||     3
  Block: Other             |       |       |    44 ||    44
